 Dungeon Crawl Stone Soup version 0.24-a0-809-g71cb82dfb8 (webtiles) character file.

Game seed: 8285146701084803152, levelgen mode: deterministic

25 FollowTheCloud the Chopper (level 2, -6/26 HPs)
             Began as a Minotaur Gladiator on Oct 11, 2019.
             Mangled by a centaur
             ... wielding a +0 dagger
              (10 damage)
             ... on level 2 of the Dungeon.
             The game lasted 00:01:28 (590 turns).

FollowTheCloud the Chopper (Minotaur Gladiator)      Turns: 590, Time: 00:01:28

Health: -6/26      AC:  3    Str: 18    XL:     2   Next: 86%
Magic:  1/1        EV: 12    Int:  5    God:
Gold:   81         SH:  0    Dex: 11    Spells: 1/1 levels left

rFire    . . .     SeeInvis .   a - +0 war axe
rCold    . . .     Gourm    .   (no shield)
rNeg     . . .     Faith    .   b - +0 leather armour
rPois    .         Spirit   .   c - +0 hat
rElec    .         Reflect  .   (no cloak)
rCorr    .         Harm     .   (no gloves)
MR       .....                  (no boots)
Stlth    +.........             (no amulet)
HPRegen  0.08/turn              (no ring)
MPRegen  0.07/turn              (no ring)

@: no status effects
A: retaliatory headbutt, horns 2
a: no special abilities


You were on level 2 of the Dungeon.
You were not hungry.

You visited 1 branch of the dungeon, and saw 2 of its levels.

You collected 81 gold pieces.

Inventory:

Hand Weapons
 a - a +0 war axe (weapon)
Missiles
 d - 3 throwing nets (quivered)
Armour
 b - a +0 leather armour (worn)
 c - a +0 hat (worn)
Jewellery
 e - an uncursed amulet of magic regeneration {unknown}
 j - an uncursed amulet of guardian spirit {unknown}
 m - a +3 ring of dexterity {unknown}
Scrolls
 g - a scroll of fear {unknown}
 i - a scroll of identify {unknown}
 k - a scroll of fog {unknown}
 o - a scroll of teleportation {unknown}
 q - a scroll of remove curse {unknown}
Potions
 l - a potion of heal wounds {unknown}
 n - a potion of degeneration {unknown}
 p - a potion of flight {unknown}
Comestibles
 f - a ration


   Skills:
 + Level 3.1 Fighting
 + Level 4.1 Axes
 - Level 2.0 Throwing
 + Level 1.5 Armour
 - Level 3.2 Dodging


You had one spell level left.
You didn't know any spells.
Your spell library was empty.

Dungeon Overview and Level Annotations

Branches:
Dungeon (2/15)

Altars:


Innate Abilities, Weirdness & Mutations

You reflexively headbutt those who attack you in melee.
You have a pair of horns on your head.


Message History

The centaur shoots an arrow.
The arrow barely misses you.
The centaur shoots an arrow.
The arrow hits you!
* * * LOW HITPOINT WARNING * * *
You see here an arrow.
The centaur unwields a +0 shortbow.
The centaur wields a +0 dagger.
The centaur hits you with a +0 dagger.
* * * LOW HITPOINT WARNING * * *
It was a potion of curing.
You feel better. The centaur hits you with a +0 dagger.
* * * LOW HITPOINT WARNING * * *
The centaur barely misses you.
You hit the centaur.
You headbutt the centaur, but do no damage.
The centaur is moderately wounded.
The centaur misses you. You furiously retaliate!
You headbutt the centaur.
The centaur hits you but does no damage.
You closely miss the centaur.
The centaur is heavily wounded.
The centaur hits you with a +0 dagger!
You die...

..........# ...........#
...........# ...........#
...%.......# ...........#
.... .......c...##### ..#
........@....... ...
.......(....#### #.##
............#########.. #
.......(..........#...+##
#######.....#...#...#....
#.......#.. #......
##.....###.###.....
#......#...#...#.#
#....#...#...#....


You could see a centaur.

Vanquished Creatures
  An ooze (D:1)
  A dart slug (D:1)
  3 bats (D:1)
  2 giant cockroaches
  4 hobgoblins (D:1)
  2 jackals (D:1)
  2 frilled lizards (D:1)
  A kobold (D:2)
  A rat (D:1)
17 creatures vanquished.

Notes
Turn   | Place    | Note
-------+----------+-------------------------------------------
     0 | D:1      | FollowTheCloud the Minotaur Gladiator began the quest for
                  | the Orb.
     0 | D:1      | Reached XP level 1. HP: 18/18 MP: 0/0
    85 | D:1      | Reached skill level 1 in Armour
    85 | D:1      | Reached XP level 2. HP: 25/25 MP: 1/1
    90 | D:1      | Reached skill level 4 in Axes
   583 | D:2      | Noticed a centaur
   590 | D:2      | Mangled by a centaur

Levels and vault maps discovered:
D:1:      lemuel_arrival_broad_hall, layout_basic
D:2:      layout_basic, first_ration, minmay_misc_feat_four_crosses, uniq_robin,
          uniq_natasha

Skill      XL: |  1  2 |
---------------+-------+-----
Armour         | 1 |  1.5
Axes           | 4 |  4.1
Fighting       | 3 |  3.1
Throwing       | |  2.0
Dodging        | |  3.2

Action                   || total
-------------------------++-------
Melee: War axe           ||    32
       Headbutt          ||     6
  Use: Potion            ||     1
Armor: Leather armour    ||    12
Dodge: Dodged            ||    32

Table legend:
 A = Non-vault XP
 B = Vault XP
 C = Vault XP percentage of total XP
 D = Non-vault monster count
 E = Vault monster count
 F = Vault count percentage of total count
                 A         B        C        D         E       F
            +---------+---------+-------+---------+---------+-------
      Total |      37 |       0 |   0.0 |      17 |       0 |   0.0
            +---------+---------+-------+---------+---------+-------
        D:1 |      34 |       0 |   0.0 |      15 |       0 |   0.0
        D:2 |       3 |       0 |   0.0 |       2 |       0 |   0.0
            +---------+---------+-------+---------+---------+-------
